 Dungeon Crawl Stone Soup version 0.29-a0-321-gf1c400731a (webtiles) character file.

Game seed: 12590825541625409048

137 sammy202020 the Skirmisher (level 5, 0/59 HPs)
             Began as an Ogre Monk on Apr 4, 2022.
             Succumbed to a scorpion's poison
             ... on level 2 of the Dungeon.
             The game lasted 00:02:07 (1854 turns).

sammy202020 the Skirmisher (Ogre Monk)              Turns: 1854, Time: 00:02:07

Health: 0/59       AC:  4    Str: 17    XL:     5   Next: 20%
Magic:  5/5        EV: 10    Int: 11    God:
Gold:   50         SH:  0    Dex: 11    Spells: 4/4 levels left

rFire   . . .      SeeInvis .   a - +0 mace
rCold   . . .      Faith    .   (no shield)
rNeg    . . .      Spirit   .   b - +1 robe
rPois   .          Reflect  .   (helmet restricted)
rElec   .          Harm     .   (no cloak)
rCorr   .          Rampage  .   (gloves unavailable)
Will    .....                   (boots unavailable)
Stlth   ++........              (no amulet)
HPRegen 0.19/turn               (no ring)
MPRegen 0.09/turn               (no ring)

@: lethally poisoned (0 -> -8)
A: large, unfitting armour, tough skin 1
a: no special abilities


You were on level 2 of the Dungeon.
You visited 1 branch of the dungeon, and saw 2 of its levels.

You collected 50 gold pieces.

Inventory:

Hand Weapons
 a - a +0 mace (weapon)
Missiles
 d - 6 poisoned darts (quivered)
Armour
 b - a +1 robe (worn)
 e - a scarf of invisibility
Scrolls
 c - a scroll of identify
 g - a scroll of amnesia


   Skills:
 * Level 5.6 Fighting
 * Level 3.8 Maces & Flails
 + Level 3.3 Dodging
 - Level 1.4 Stealth


You had 4 spell levels left.
You didn't know any spells.
Your spell library was empty.

Dungeon Overview and Level Annotations

Branches:
Dungeon (2/15)

Altars:


Innate Abilities, Weirdness & Mutations

You are too large for most types of armour.
You have tough skin. (AC +1)


Message History

You are too injured to fight recklessly!
You are too injured to fight recklessly!
You are too injured to fight recklessly!
You are too injured to fight recklessly!
You are too injured to fight recklessly!
You are too injured to fight recklessly!
You are too injured to fight recklessly!
You aren't carrying any potions.
Unknown command.
You aren't carrying any potions.
Sorry, you're not good enough to have a special ability.
Unknown command.
You aren't carrying any potions.
You closely miss the scorpion.
The scorpion is moderately wounded.
* * * LOW HITPOINT WARNING * * *
You feel extremely sick.
The scorpion stings you but does no damage.
Unknown command.
You thump the scorpion!
The scorpion is severely wounded.
* * * LOW HITPOINT WARNING * * *
You feel very sick.
The scorpion stings you but does no damage.
The scorpion stings you.
* * * LOW HITPOINT WARNING * * *
You hit the scorpion.
You kill the scorpion!
* * * LOW HITPOINT WARNING * * *
You feel very sick.
You have reached level 5!
Sorry, you're not good enough to have a special ability.
You aren't carrying any potions.
Unknown command.
As you read the scroll labelled MOOP MOEFECA, it crumbles to dust.
It is a scroll of amnesia.
You feel forgetful for a moment.
* * * LOW HITPOINT WARNING * * *
You feel very sick.
You die...

#..#
##.....#......##
#.# ###..#
##...#####.#.# #..
.....# ##)## #...#
### ###.## #.#
###.# #.#
#######)### #.#
#.####.........#
#.#
#......#..#....#
#.#
######.........#
#.#
####.#...@######.#
#.##..........#
#.##.#.########
#.##.#.# #......#
####.### #.# #.#
######### #.#
#.......#


There were no monsters in sight!

Vanquished Creatures
  A scorpion (D:2)
  3 adders (D:2)
  2 worms (D:2)
  A dart slug (D:2)
  5 ball pythons
  2 bats
  An endoplasm (D:2)
  2 giant cockroaches
  3 goblins
  3 hobgoblins (D:2)
  9 jackals
  4 kobolds
  2 quokkas (D:1)
  3 rats
41 creatures vanquished.

Notes
Turn   | Place    | Note
-------+----------+-------------------------------------------
     0 | D:1      | sammy202020 the Ogre Monk began the quest for the Orb.
     0 | D:1      | Reached XP level 1. HP: 24/24 MP: 1/1
     2 | D:1      | Noticed a troll
     2 | D:1      | Noticed a tengu
     4 | D:1      | Noticed a draconian
     4 | D:1      | Noticed an ogre
     8 | D:1      | Noticed an octopode
     8 | D:1      | Noticed a formicid
    12 | D:1      | Noticed a naga
    12 | D:1      | Noticed a ghoul
    14 | D:1      | Noticed a merfolk
    14 | D:1      | Noticed a demigod
    16 | D:1      | Noticed a vampire
    16 | D:1      | Noticed a vine stalker
    18 | D:1      | Noticed a dwarf
    18 | D:1      | Noticed a felid
    20 | D:1      | Noticed a minotaur
    20 | D:1      | Noticed a gargoyle
    22 | D:1      | Noticed a demonspawn
    22 | D:1      | Noticed a spriggan
    24 | D:1      | Noticed an elf
    24 | D:1      | Noticed a human
    54 | D:1      | Reached XP level 2. HP: 16/32 MP: 2/2
   878 | D:2      | Reached XP level 3. HP: 40/40 MP: 3/3
  1082 | D:2      | Found a faded altar of an unknown god.
  1426 | D:2      | Reached skill level 5 in Fighting
  1491 | D:2      | Reached XP level 4. HP: 50/50 MP: 4/4
  1835 | D:2      | Noticed a scorpion
  1852 | D:2      | Killed a scorpion
  1853 | D:2      | Reached XP level 5. HP: 4/59 MP: 5/5
  1853 | D:2      | HP: 2/59 [poisoned by a scorpion]
  1854 | D:2      | Succumbed to a scorpion's poison

Illustrated notes

Levels and vault maps discovered:
D:1:      kb_arrival_jail, layout_rooms
D:2:      layout_loops_corners, hellmonk_ecumenical_altar_pennies_from_heaven

Skill      XL: |  1  2  3 |
---------------+----------+-----
Maces & Flails | 3 |  3.8
Dodging        | 3 |  3.3
Fighting       | 5 |  5.6
Stealth        | |  1.4

Action                   |  1- 3 |  4- 6 || total
-------------------------+-------+-------++-------
Melee: Mace              |   127 |    28 ||   155
       Punch             |     1 |     1 ||     2
  Use: Scroll            |     4 |     1 ||     5
       Potion            |     1 |       ||     1
 Stab: Sleeping          |     5 |       ||     5
       Distracted        |       |     1 ||     1
Armor: Robe              |    90 |     7 ||    97
Dodge: Dodged            |   113 |    21 ||   134

Table legend: (Time is in decaauts)
 A = Elapsed time spent in this place.
 B = Non-inter-level travel time spent in this place.
 C = Inter-level travel time spent in this place.
 D = Time resting spent in this place.
 E = Time spent auto-exploring this place.
 F = Levels seen in this place.
 G = Mean time per level.
                   A        B        C        D        E       F      G
               +--------+--------+--------+--------+--------+-----+--------+
         Total |   1893 |   1893 |      0 |      0 |   1520 |   2 |  946.5 |
       Dungeon |   1893 |   1893 |      0 |      0 |   1520 |   2 |  946.5 |
               +--------+--------+--------+--------+--------+-----+--------+

Top non-repeatable levels by time:
     D:2: 1180 daAuts
     D:1: 713 daAuts
